 Dungeon Crawl Stone Soup version 0.29.1-12-g30fa7ad0bf (webtiles) character file.

Game seed: 17466734668538819138

52304 112233 the Spry (level 14, -1/77 HPs)
             Began as a Spriggan Enchanter on Dec 25, 2022.
             Was the Champion of Ashenzari.
             Slain by a meliai
             ... wielding a +0 war axe
              (11 damage)
             ... on level 5 of the Lair of Beasts.
             The game lasted 00:42:24 (21837 turns).

112233 the Spry (Spriggan Enchanter)               Turns: 21837, Time: 00:42:24

Health: -1/77      AC:  2    Str:  9    XL:     14   Next: 26%
Magic:  28/34      EV: 39    Int: 24    God:    Ashenzari [******]
Gold:   1126       SH: 14    Dex: 22    Spells: 30/43 levels left

rFire   . . .      SeeInvis +   A - +3 rapier of the Chained Stickiness {venom, Melee, Elem} (curse)
rCold   + . .      Faith    .   l - +0 buckler "Eternal Urgency" {Bglg, Melee} (curse)
rNeg    + . .      Spirit   .   b - +0 robe "Restrained Failure" {Elem, Alch} (curse)
rPois   .          Reflect  +   U - -1 hat "Circumscribed With Me" {Int+4 Dex+2, Evo, Range} (curse)
rElec   .          Harm     .   n - +0 cloak of Toth-Mos's Legacy {Fort, Elem} (curse)
rCorr   .          Rampage  .   (gloves unavailable)
Will    ++...      Clarity  +   (boots unavailable)
Stlth   ++++++....              a - amulet of Star-Bound Wisdom {Reflect Str+5 SH+5, Alch, Cun} (curse)
HPRegen 0.22/turn               q - ring "Omniscient Jealousy" {Wiz, Elem, Range} (curse)
MPRegen 0.24/turn               D - ring of Ashenzari's Scepticism {rC+ rN+ EV+4 Dex+3 Slay+2, Alch, Elem} (curse)

@: confusing by touch, very quick
A: very small, no large weapons, unfitting armour, see invisible, speed 3
a: Renounce Religion, Shatter the Chains


You were on level 5 of the Lair of Beasts.
You worshipped Ashenzari.
Ashenzari was exalted by your worship.
You visited 3 branches of the dungeon, and saw 17 of its levels.
You also visited: Ossuary, Bailey, Gauntlet and Ice Cave.

You collected 1344 gold pieces.
You spent 218 gold pieces at shops.

Inventory:

Hand Weapons
 A - the cursed +3 rapier of the Chained Stickiness (weapon) {venom, Melee, Elem}
   (You took it off Duvessa on level 5 of the Dungeon)

   It poisons the flesh of those it strikes.
   It has a curse which improves the following skills: Melee Combat: Short
   Blades, Long Blades, Axes, Maces & Flails, Polearms, Staves and Unarmed
   Combat.
   Elements:  Fire Magic, Ice Magic, Air Magic and Earth Magic.
 G - the +8 lance "Wyrmbane" {slay drac, rPois rF+ rC+ AC+3}
   (You found it on level 8 of the Dungeon)

   It inflicts extra damage against dragons and draconians.
   AC:        It affects your AC (+3).
   rF:        It protects you from fire.
   rC:        It protects you from cold.
   rPois:     It protects you from poison.
 J - the +11 long sword of the Sugar Beet {antimagic, rElec rPois Int-2 SInv}
   (You found it on level 5 of the Lair of Beasts)

   It reduces the magical energy of the wielder, and disrupts the spells and
   magical abilities of those it strikes.
   Natural abilities and divine invocations are not affected.
   Int:       It affects your intelligence (-2).
   rElec:     It insulates you from electricity.
   rPois:     It protects you from poison.
   SInv:      It lets you see invisible.
 W - the +7 dagger of the Spheres {vorpal, *Noise Int+2 Dex+5}
   (You found it in a Gauntlet)

   It inflicts extra damage upon your enemies.
   Int:       It affects your intelligence (+2).
   Dex:       It affects your dexterity (+5).
   *Noise:    It may make noises in combat.
Missiles
 j - 7 atropa-tipped darts (quivered)
 y - 3 throwing nets
Armour
 b - the cursed +0 robe "Restrained Failure" (worn) {Elem, Alch}

   It has a curse which improves the following skills: Elements: Fire Magic, Ice
   Magic, Air Magic and Earth Magic.
   Alchemy:   Poison Magic and Transmutations.
 i - a +2 robe of cold resistance
 l - the cursed +0 buckler "Eternal Urgency" (worn) {Bglg, Melee}
   (You bought it in a shop on level 1 of the Dungeon)

   It has a curse which improves the following skills: Beguiling: Conjurations,
   Hexes and Translocations.
   Melee Combat: Short Blades, Long Blades, Axes, Maces & Flails, Polearms,
   Staves and Unarmed Combat.
 n - the cursed +0 cloak of Toth-Mos's Legacy (worn) {Fort, Elem}
   (You found it on level 1 of the Dungeon)

   It has a curse which improves the following skills: Fortitude: Armour and
   Shields.
   Elements:  Fire Magic, Ice Magic, Air Magic and Earth Magic.
 I - +0 fire dragon scales
 O - a scarf of resistance
 P - +0 ice dragon scales
 U - the cursed -1 hat "Circumscribed With Me" (worn) {Int+4 Dex+2, Evo, Range}
   (You found it in a Gauntlet)

   Int:       It affects your intelligence (+4).
   Dex:       It affects your dexterity (+2).
   It has a curse which improves the following skills: Evocations: Evocations.
   Ranged Combat: Ranged Weapons and Throwing.
Magical Staves
 X - a staff of air
Jewellery
 a - the cursed amulet of Star-Bound Wisdom (around neck) {Reflect Str+5 SH+5, Alch, Cun}
   (You found it in a bailey)

   [amulet of reflection]

   It reflects blocked missile attacks.
   Str:       It affects your strength (+5).
   SH:        It affects your SH (+5).
   It has a curse which improves the following skills: Alchemy: Poison Magic and
   Transmutations.
   Cunning:   Dodging and Stealth.
 p - a ring of resist corrosion
 q - the cursed ring "Omniscient Jealousy" (left hand) {Wiz, Elem, Range}
   (You found it on level 2 of the Dungeon)

   [ring of wizardry]

   It improves your spell success rate.
   It has a curse which improves the following skills: Elements: Fire Magic, Ice
   Magic, Air Magic and Earth Magic.
   Ranged Combat: Ranged Weapons and Throwing.
 D - the cursed ring of Ashenzari's Scepticism (right hand) {rC+ rN+ EV+4 Dex+3 Slay+2, Alch, Elem}
   (You found it on level 6 of the Dungeon)

   [ring of evasion]

   EV:        It affects your evasion (+4).
   Dex:       It affects your dexterity (+3).
   Slay:      It affects your accuracy & damage with ranged weapons and melee
   (+2).
   rC:        It protects you from cold.
   rN:        It protects you from negative energy.
   It has a curse which improves the following skills: Alchemy: Poison Magic and
   Transmutations.
   Elements:  Fire Magic, Ice Magic, Air Magic and Earth Magic.
 L - a ring of wizardry
 V - the ring of Nuzxew {Fire Dex+8}
   (You found it in a Gauntlet)

   [ring of fire]

   It enhances your fire magic.
   Dex:       It affects your dexterity (+8).
   rF:        It protects you from fire.
   rC:        It makes you vulnerable to cold.
Wands
 B - a wand of polymorph (6)
 C - a wand of quicksilver (7)
 F - a wand of iceblast (6)
 K - a wand of mindburst (6)
 R - a wand of flame (5)
 Z - a wand of digging (3)
Scrolls
 d - 2 scrolls of blinking
 e - 2 scrolls of noise
 h - 10 scrolls of identify
 o - 3 scrolls of fog
 r - 2 scrolls of enchant weapon
 s - 5 scrolls of amnesia
 u - 2 scrolls of fear
 v - 5 scrolls of enchant armour
 x - 2 scrolls of teleportation
 z - 2 scrolls of magic mapping
 S - a scroll of brand weapon
Potions
 c - a potion of invisibility
 f - 7 potions of mutation
 g - 2 potions of resistance
 k - 2 potions of brilliance
 m - 3 potions of lignification
 t - 3 potions of curing
 w - 4 potions of haste
 E - 3 potions of might
 H - 2 potions of heal wounds
 M - a potion of flight
 T - 2 potions of magic
Miscellaneous
 N - a condenser vane (inert)
 Y - a phantom mirror


   Skills:
 + Level 10.7 Fighting
 - Level 6.4(10.3) Short Blades
 * Level 4.1(7.7) Polearms
 + Level 16.5(19.0) Dodging
 - Level 11.1(13.7) Stealth
 - Level 4.4(6.9) Shields
 + Level 15.3 Spellcasting
 - Level 6.4(9.1) Hexes


You had 30 spell levels left.
You knew the following spells:

 Your Spells              Type           Power      Damage    Failure   Level
a - Ensorcelled Hibernat  Hex/Ice        84%        N/A       1%          2
b - Confusing Touch       Hex            58%        N/A       1%          3
c - Tukima's Dance        Hex            58%        N/A       1%          3
d - Passwall              Tmut/Erth      18%        N/A       2%          2
e - Dazzling Flash        Conj/Hex       82%        N/A       1%          3

Your spell library contained the following spells:

 Spells                   Type           Power      Damage    Failure   Level
 Sandblast                Erth           46%        2d11      1%          1
 Shock                    Conj/Air       84%        1d8       1%          1
 Slow                     Hex            100%       N/A       1%          1
 Call Imp                 Summ           18%        N/A       3%          2
 Ozocubu's Armour         Ice            23%        N/A       4%          3
 Stone Arrow              Conj/Erth      42%        3d9       4%          3
 Swiftness                Air            23%        N/A       4%          3
 Gell's Gravitas          Tloc           19%        N/A       6%          3
 Vampiric Draining        Necr           18%        2d7       6%          3
 Metabolic Englaciation   Hex/Ice        21%        N/A       8%          5
 Airstrike                Air            11%        2d(2-18)  14%         4
 Passage of Golubria      Tloc           19%        N/A       19%         4
 Summon Forest            Summ/Tloc      9%         N/A       47%         5
 Simulacrum               Ice/Necr       10%        N/A       92%         6
 Death's Door             Necr           9%         N/A       100%        9
 Dragon's Call            Summ           9%         N/A       100%        9


Dungeon Overview and Level Annotations

Branches:
Dungeon (11/15)            Temple (0/1) D:5            Lair (5/5) D:11
 Shoals (0/4) Lair:3        Snake (0/4) Lair:3        Slime (0/5) Lair:4
    Orc (1/2) D:11        Ossuary (visited)          Bailey (visited)
  IceCv (visited)         Gauntlet (visited)

Altars:
Ashenzari
Elyvilon
Nemelex Xobeh
Sif Muna
Trog
Uskayaw
Vehumet
Xom
Jiyva

Shops:
D:1 *   D:3 [   D:6 [   D:8 (*

Annotations:
D:5 3 runed translucent doors, Henri's ghost, novice DsAK
D:7 4 runed translucent doors, Menkaure
D:11 4 runed translucent doors
Lair:1 exclusion: oklob plant
Lair:3 exclusion: 2 downstairs
Lair:4 3 runed translucent doors, Nyzic's ghost, journeyman TrMo


Innate Abilities, Weirdness & Mutations

You are very small and have problems with some larger weapons.
You are too small for most types of armour.
You have supernaturally acute eyesight. (SInv)
You cover ground extremely quickly. (Speed+++)


Message History

* * * LOW HITPOINT WARNING * * *
You hold your ground!
You block the elephant's attack. The elephant closely misses you.
The elephant completely misses you.
As you read the scroll of fear, it crumbles to dust.
You assume a fearsome visage.
The elephant looks frightened!
The elephant resists with almost no effort.
The elephant looks frightened!
The elephant easily resists.
Unknown command.
The elephant barely misses you. The elephant completely misses you.
Cornered, the elephant turns to fight!
Your hands stop glowing.
You start resting.
You start resting.
Magic restored.
A meliai is nearby!
A meliai is nearby!
A meliai is nearby!
Casting: Confusing Touch (safe; 1% risk of failure)
Confirm with . or Enter, or press ? or * to list all spells.
Your hands begin to glow red.
The meliai buzzes angrily.
The meliai calls down the wrath of its god upon you.
Something smites you!
* * * LOW HITPOINT WARNING * * *
Casting: Confusing Touch (safe; 1% risk of failure)
Confirm with . or Enter, or press ? or * to list all spells.
Aiming: Ensorcelled Hibernation (safe; 1% risk of failure)
Press: ? - help, Shift-Dir - straight line, f - meliai
Aim: a meliai, wielding a +0 war axe and wearing a +0 robe (chance to confuse on hit: 74%, chance to affect: 67%)
The meliai struggles to resist.
The meliai mumbles some strange prayers to its god against you.
Something smites you!
* * * LOW HITPOINT WARNING * * *
Casting: Ensorcelled Hibernation (safe; 1% risk of failure)
Confirm with . or Enter, or press ? or * to list all spells.
Aiming: Ensorcelled Hibernation (safe; 1% risk of failure)
Press: ? - help, Shift-Dir - straight line, f/p - meliai
Aim: a meliai, wielding a +0 war axe and wearing a +0 robe (chance to confuse on hit: 74%, chance to affect: 67%)
The meliai struggles to resist.
The meliai hits you with a +0 war axe!
You die...

#################...............
################................
#################................
.####)#P.###..####...............
...#P.÷.......#.##...............
.................................
.....†...........................
.................................
................@y...............
.................................
.......(........................?
.#...............................
###?.............................
####.............................
####...............#.............
#####..............##............
#####............................


You could see a meliai.

Vanquished Creatures
  Rupert (Lair:5)
  A minotaur (Gauntlet)
  6 hydras
  Fannar (Lair:3)
  Harold (Lair:1)
  A boulder beetle (D:11)
  3 two-headed ogres
  Erica (D:9)
  Amaemon (Lair:1)
  Sonja (Lair:3)
  A glowing orange brain (Gauntlet)
  Pikel (D:5)
  3 lindwurms
  3 ugly things
  Joseph (D:10)
  11 elephants
  7 black mambas
  An orange demon (Lair:1)
  A torpor snail (Lair:5)
  9 cane toads
  2 gargoyles
  Maggie (Lair:2)
  2 rime drakes (Lair:3)
  A kobold demonologist (D:11)
  Psyche (D:8)
  7 komodo dragons
  4 trolls
  Prince Ribbit (D:8)
  6 polar bears
  A meliai (Lair:5)
  A hornet (D:9)
  9 blink frogs
  5 dream sheep (Lair:4)
  A snapping turtle (Lair:3)
  2 shadows (D:11)
  A wyvern (Lair:4)
  A spriggan (Lair:3)
  4 steam dragons
  27 yaks
  3 basilisks
  9 vampire mosquitoes
  A death yak simulacrum (IceCv)
  3 nagas (Lair:3)
  A hydra simulacrum (IceCv)
  3 acid dragons
  20 water moccasins
  Duvessa (D:5)
  A swamp drake (D:10)
  11 orc warriors
  2 sky beasts
  4 black bears
  6 ogres
  49 wolves
  A lemure (D:5)
  6 centaurs
  4 kobold brigands
  10 bullfrogs
  4 scorpions
  2 gnoll sergeants
  A cane toad simulacrum (IceCv)
  5 wights (D:9)
  Dowan (D:5)
  3 killer bees (Lair:5)
  An electric eel (Lair:3)
  3 howler monkeys (D:9)
  6 hounds
  3 jellies
  3 orc priests
  2 gnoll boudas
  13 orc wizards
  3 iguanas
  2 polar bear simulacra (IceCv)
  A mummy (Ossuary)
  13 gnolls
  17 adders
  3 white imps
  An ufetubus (D:4)
  2 worms
  2 dart slugs
  46 orcs
  4 bats
  9 endoplasms
  3 giant cockroaches
  13 goblins
  9 hobgoblins
  3 jackals (D:3)
  5 quokkas
  2 ball pythons
  3 frilled lizards
  15 kobolds
  10 rats
480 creatures vanquished.

Vanquished Creatures (others)
  A white imp (D:7)
  22 fungi
  41 plants
64 creatures vanquished.

Grand Total: 544 creatures vanquished

Notes
Turn   | Place    | Note
-------+----------+-------------------------------------------
     0 | D:1      | 112233 the Spriggan Enchanter began the quest for the Orb.
     0 | D:1      | Reached XP level 1. HP: 9/9 MP: 5/5
    24 | D:1      | Found a faded altar of an unknown god.
    29 | D:1      | Found Cebyt's General Store.
    63 | D:1      | Prayed at the altar of an unknown god.
    63 | D:1      | Became a worshipper of Ashenzari the Shackled
   458 | D:2      | Reached XP level 2. HP: 8/13 MP: 6/6
   461 | D:2      | Learned a level 2 spell: Ensorcelled Hibernation
   594 | D:2      | Reached skill level 3 in Dodging
   837 | D:3      | Found Giacwos's Antique Armour Boutique.
   847 | D:3      | Reached XP level 3. HP: 16/16 MP: 8/8
  1058 | D:2      | Reached skill level 5 in Stealth
  1474 | D:1      | Bought a +0 buckler for 49 gold pieces
  1479 | D:1      | Reached * piety under Ashenzari
  1788 | D:1      | Reached XP level 4. HP: 21/21 MP: 5/10
  2311 | D:2      | Reached ** piety under Ashenzari
  2737 | D:3      | Learned a level 3 spell: Confusing Touch
  2934 | D:3      | Reached XP level 5. HP: 24/24 MP: 11/11
  2954 | D:3      | Found a sparkling altar of Nemelex Xobeh.
  2954 | D:3      | Found a white marble altar of Elyvilon.
  3485 | D:3      | Reached skill level 4 in Dodging
  3485 | D:3      | Reached skill level 1 in Shields
  3671 | D:3      | Reached *** piety under Ashenzari
  3700 | D:4      | Reached XP level 6. HP: 27/29 MP: 9/12
  3859 | D:4      | Reached skill level 1 in Fighting
  4074 | D:4      | Reached **** piety under Ashenzari
  4496 | D:5      | Entered Level 5 of the Dungeon
  4500 | D:5      | Reached skill level 5 in Hexes
  4500 | D:5      | Reached XP level 7. HP: 31/33 MP: 4/14
  5322 | D:5      | Found a runed translucent gate.
  5322 | D:5      | Found a runed translucent gate.
  5322 | D:5      | Found a runed translucent gate.
  5323 | D:5      | Noticed Henri's ghost (novice DsAK)
  5481 | D:5      | Reached skill level 5 in Dodging
  5555 | D:5      | Noticed Duvessa
  5557 | D:5      | Noticed Dowan
  5564 | D:5      | Killed Duvessa
  5575 | D:5      | Killed Dowan
  5576 | D:5      | Reached skill level 5 in Spellcasting
  5752 | D:5      | Found a shimmering altar of Xom.
  5752 | D:5      | Found a hide-covered altar of Uskayaw.
  5792 | D:5      | Noticed Pikel
  5830 | D:5      | Killed Pikel
  5831 | D:5      | Reached XP level 8. HP: 35/39 MP: 4/17
  5869 | D:5      | Reached skill level 6 in Dodging
  6257 | D:5      | Found a staircase to the Ecumenical Temple.
  6716 | D:6      | Learned a level 3 spell: Tukima's Dance
  6873 | D:6      | Found a sand-covered staircase.
  6884 | Ossuary  | Entered an ossuary
  7162 | D:6      | Found Pileidgh's Antique Armour Shoppe.
  7200 | D:6      | Identified the ring "Cukedgho" {rC+ rN+ EV+4 Dex+3 Slay+2}
  7251 | D:6      | Reached XP level 9. HP: 44/44 MP: 14/19
  7316 | D:6      | Reached skill level 5 in Short Blades
  7624 | D:7      | Found a radiant altar of Vehumet.
  7626 | D:7      | Found a shimmering blue altar of Sif Muna.
  7819 | D:7      | Identified the +6 flail of Xom {speed, rF+}
  7869 | D:7      | Reached skill level 7 in Dodging
  8123 | D:7      | Noticed a two-headed ogre
  8125 | D:7      | Killed a two-headed ogre
  8337 | D:7      | Found a large runed translucent door.
  8337 | D:7      | Found a large runed translucent door.
  8338 | D:7      | Noticed Menkaure
  8341 | D:7      | Found a large runed translucent door.
  8341 | D:7      | Found a large runed translucent door.
  8342 | D:7      | Identified the +4 flail of Elia {drain, *Noise MP+9 Dex+3}
  8424 | D:7      | Identified the Quarto of Frostbite and Misery
  8663 | D:8      | Found Zygoptos's Antique Weapon Boutique.
  8802 | D:7      | Noticed a seven-headed hydra
  9047 | D:7      | Learned a level 2 spell: Passwall
  9051 | D:7      | Learned a level 3 spell: Dazzling Flash
  9055 | D:8      | Reached skill level 8 in Dodging
  9085 | D:8      | Reached XP level 10. HP: 50/50 MP: 18/22
  9095 | D:8      | Noticed Prince Ribbit
  9108 | D:8      | Killed Prince Ribbit
  9233 | D:8      | Found a flagged portal.
  9233 | D:8      | Found the +8 lance "Wyrmbane" {slay drac, rPois rF+ rC+
                  | AC+3}
  9237 | D:8      | Reached skill level 10 in Stealth
  9246 | Bailey   | Entered a bailey
  9330 | Bailey   | Identified the amulet of the Falcon {Reflect Str+5 SH+5}
  9555 | Bailey   | Noticed an orc knight
  9620 | Bailey   | Noticed an orc knight
  9628 | Bailey   | Noticed an orc knight
  9921 | D:8      | Found Zomy's General Store.
  9928 | D:8      | Bought a potion of heal wounds for 65 gold pieces
  9928 | D:8      | Bought a potion of heal wounds for 65 gold pieces
  9928 | D:8      | Bought a scroll of teleportation for 39 gold pieces
  9956 | D:8      | Noticed a two-headed ogre
  9963 | D:8      | Killed a two-headed ogre
 10163 | D:8      | Noticed Psyche
 10351 | D:8      | Killed Psyche
 10601 | D:9      | Noticed Erica
 10604 | D:9      | Killed Erica
 10605 | D:9      | Reached skill level 5 in Fighting
 10605 | D:9      | Reached skill level 9 in Dodging
 11191 | D:9      | Reached ***** piety under Ashenzari
 11298 | D:9      | Reached XP level 11. HP: 44/56 MP: 10/25
 11300 | D:9      | Reached skill level 10 in Dodging
 11757 | D:10     | Entered Level 10 of the Dungeon
 12151 | D:10     | Found a bloodstained altar of Trog.
 12151 | D:10     | Identified the Incunabulum of Retrieval
 12399 | D:10     | Reached skill level 10 in Spellcasting
 12485 | D:10     | Noticed Joseph
 12492 | D:10     | Killed Joseph
 12493 | D:10     | Reached skill level 11 in Dodging
 12632 | D:11     | Found a staircase to the Lair.
 13038 | D:11     | Noticed a boulder beetle
 13046 | D:11     | Killed a boulder beetle
 13107 | D:11     | Found a staircase to the Orcish Mines.
 13398 | D:11     | Found a runed translucent door.
 13401 | D:11     | Noticed a two-headed ogre
 13407 | D:11     | Killed a two-headed ogre
 13408 | D:11     | Reached skill level 12 in Dodging
 13486 | D:11     | Found a runed translucent door.
 13499 | D:11     | Found a runed translucent door.
 13510 | D:11     | Found a runed translucent door.
 13810 | Orc:1    | Entered Level 1 of the Orcish Mines
 13810 | Orc:1    | Noticed an orc knight
 13810 | Orc:1    | Noticed an orc sorcerer
 13812 | Orc:1    | Noticed a sixfirhy
 13870 | Lair:1   | Entered Level 1 of the Lair of Beasts
 14063 | Lair:1   | Reached XP level 12. HP: 63/63 MP: 21/28
 14170 | Lair:1   | Found a radiant altar of Vehumet.
 14383 | Lair:1   | Noticed Harold
 14393 | Lair:1   | Killed Harold
 14488 | Lair:1   | Noticed Amaemon
 14497 | Lair:1   | Killed Amaemon
 14509 | Lair:1   | Reached skill level 13 in Dodging
 14726 | Lair:2   | Found a frozen archway.
 14748 | IceCv    | Entered an ice cave
 14750 | IceCv    | Identified the +3 war axe "Goblinslayer" {chaos, Str+4
                  | Dex+4}
 15541 | Lair:2   | Noticed Maggie
 15552 | Lair:2   | Killed Maggie
 16096 | Lair:3   | Found a gate leading to a gauntlet.
 16111 | Gauntlet | Entered a Gauntlet
 16111 | Gauntlet | Found a transporter.
 16121 | Gauntlet | Noticed a catoblepas
 16187 | Gauntlet | Found a transporter.
 16187 | Gauntlet | Identified the Exposition on the Voyage
 16189 | Gauntlet | Found a transporter.
 16200 | Gauntlet | Found a transporter.
 16201 | Gauntlet | Found a transporter.
 16211 | Gauntlet | Found a transporter.
 16219 | Gauntlet | Identified the -1 hat of Plasticity {Int+4 Dex+2}
 16224 | Gauntlet | Identified the +3 scale mail "Nomav" {rElec Int-4 Dex+3
                  | Slay+6}
 16225 | Gauntlet | Identified the amulet "Qar Xon" {Acrobat Drain MP+9 Str+8
                  | Stlth-}
 16226 | Gauntlet | Found a transporter.
 16233 | Gauntlet | Noticed a blizzard demon
 16236 | Gauntlet | Found a transporter.
 16237 | Gauntlet | Identified the +0 pair of boots of the Bagpipe {Rampage
                  | rN+}
 16246 | Gauntlet | Found a transporter.
 16260 | Gauntlet | Found a transporter.
 16273 | Gauntlet | Found a transporter.
 16273 | Gauntlet | Found a transporter.
 16316 | Gauntlet | Found a transporter.
 16331 | Gauntlet | Found a transporter.
 16331 | Gauntlet | Noticed a two-headed ogre
 16331 | Gauntlet | a wolf spider changed into a two-headed ogre
 16336 | Gauntlet | a two-headed ogre changed into a steelbarb worm
 16534 | Gauntlet | Noticed an anaconda
 16537 | Gauntlet | Noticed a quicksilver ooze
 16608 | Gauntlet | Reached skill level 14 in Dodging
 16703 | Gauntlet | Reached ****** piety under Ashenzari
 16718 | Gauntlet | Noticed a minotaur
 16722 | Gauntlet | Identified the +7 short sword of Evisceration {protect,
                  | rElec rF- rCorr}
 16722 | Gauntlet | Identified the +7 dagger of the Spheres {vorpal, *Noise
                  | Int+2 Dex+5}
 16722 | Gauntlet | Identified Vann's Omnibus of Necrotic Companions
 16722 | Gauntlet | Identified the ring of Nuzxew {Fire Dex+8}
 16732 | Gauntlet | Killed a minotaur
 16951 | Lair:3   | Found a staircase to the Shoals.
 17266 | Lair:3   | Found a staircase to the Snake Pit.
 17418 | Lair:3   | Reached XP level 13. HP: 70/70 MP: 24/31
 17694 | Lair:3   | Noticed Fannar
 17697 | Lair:3   | Noticed Sonja
 17737 | Lair:3   | Killed Sonja
 17943 | Lair:3   | Killed Fannar
 18489 | Lair:4   | Reached skill level 15 in Dodging
 19147 | Lair:4   | Reached skill level 10 in Fighting
 19529 | Lair:4   | Noticed Nyzic's ghost (journeyman TrMo)
 19538 | Lair:4   | Found a runed translucent gate.
 19538 | Lair:4   | Found a runed translucent gate.
 19558 | Lair:4   | Found a runed translucent gate.
 19603 | Lair:4   | Reached skill level 1 in Polearms
 19961 | Lair:4   | Found a viscous altar of Jiyva.
 19966 | Lair:4   | Found a staircase to the Slime Pits.
 20061 | Lair:5   | Entered Level 5 of the Lair of Beasts
 20067 | Lair:5   | Reached skill level 16 in Dodging
 20410 | Lair:5   | Reached skill level 15 in Spellcasting
 20561 | Lair:5   | Identified the +11 long sword of the Sugar Beet {antimagic,
                  | rElec rPois Int-2 SInv}
 20602 | Lair:5   | Reached XP level 14. HP: 77/77 MP: 28/34
 21298 | Lair:5   | Noticed Rupert
 21305 | Lair:5   | Killed Rupert
 21837 | Lair:5   | Slain by a meliai

Illustrated notes

Levels and vault maps discovered:
D:1:      scummos_arrival_hexagon, layout_rooms, serial_shops, shop_statue,
          basic_ecumenical_altar, nicolae_concentric_dashed_squares_mild,
          st_stairs_5, minmay_stone_trees_small
D:2:      layout_basic, grunt_ministairs_4
D:3:      layout_basic, nicolae_overflow_two_pavilions, serial_shops, shop,
          serial_curves, eino_curves_02, eino_curves_04, minmay_statues_item,
          minivault_23
D:4:      layout_cave_pods
D:5:      layout_cave_pods, jmf_multi_god_temple,
          minmay_temple_entry_drinking_statues, gammafunk_ghost_split,
          minmay_strange_pillars, kennysheep_nondescript, uniq_duvessa,
          uniq_pikel
D:6:      layout_loops_ring, enter_ossuary_4, serial_shops,
          nicolae_shop_window_shopping, grunt_ministairs_13
D:7:      nicolae_cairo_tiling_large_dashed, layout_loops_ring,
          grunt_temple_overflow_open, minmay_hollow_rounded_squares,
          uniq_menkaure
D:8:      layout_basic, enter_bailey_2, serial_shops, shop, shop,
          grunt_decor_arrowhead, uniq_psyche, uniq_prince_ribbit1
D:9:      layout_irregular_city, kennysheep_cluttered_room, uniq_erica
D:10:     layout_rooms, trog_book, pond, uniq_joseph
D:11:     nicolae_cairo_tiling, layout_basic, lair_entry_dummy,
          kennysheep_orc_monster_closet_entryway, minmay_statue_crystal_thing
Lair:1:   layout_misc_corridors, lemuel_oklob_altar, uniq_harold, uniq_amaemon
Lair:2:   layout_hall_layers, portal_ice_cave_entry_pillars_2, uniq_maggie
Lair:3:   layout_layer_cave, minmay_shoals_entry_hut,
          guppyfry_snake_entry_garden, gauntlet_entry_generic, st_stairs_11,
          serial_bayou_pond_a, forest_entry_grove, serial_bayou_shore_b,
          uniq_sonja, uniq_fannar
Lair:4:   layout_cave_shapes, slime_entry_1, gammafunk_ghost_split,
          grunt_forest_large_clearings, grunt_megastairs_3, lemuel_fruit_tree
Lair:5:   evil_forest, layout_hall_layers, special_room [special_room_bee],
          serial_bayou_pond_a, uniq_rupert
Orc:1:    layout_caves, gammafunk_ghost_split, kennysheep_orc_chapel,
          uniq_snorg, uniq_urug, uniq_erolcha

Skill      XL: |  1  2  3  4  5  6  7  8  9 10 11 12 13 14 |
---------------+-------------------------------------------+-----
Dodging        | 3 4 5 6 8 9 12 14 16 | 16.5
Spellcasting   | 3 4 5 6 7 9 11 13 15 | 15.3
Hexes          | 4 5 6 |  6.4
Stealth        | 5 6 7 8 9 11 | 11.1
Short Blades   | 2 3 4 6 |  6.4
Shields        | 1 2 3 4 |  4.4
Fighting       | 1 2 3 4 5 7 9 10 | 10.7
Polearms       | 2 4 |  4.1

Action                   |  1- 3 |  4- 6 |  7- 9 | 10-12 | 13-15 || total
-------------------------+-------+-------+-------+-------+-------++-------
Melee: Dagger            |    85 |    91 |    98 |   124 |       ||   398
       Punch             |     1 |       |       |       |       ||     1
       Rapier            |       |       |       |   324 |   300 ||   624
       Lance             |       |       |       |    11 |       ||    11
 Cast: Ensorcelled Hiber |    24 |    57 |    68 |   193 |   158 ||   500
       Confusing Touch   |       |       |     8 |    41 |    14 ||    63
Invok: Curse Item        |     2 |     3 |     1 |     4 |       ||    10
       Shatter the Chain |       |       |     1 |     1 |       ||     2
Evoke: Wand              |       |       |       |     1 |     2 ||     3
       Condenser vane    |       |       |       |     1 |     1 ||     2
       Phantom mirror    |       |       |       |       |     1 ||     1
  Use: Potion            |       |       |     1 |     3 |       ||     4
       Scroll            |       |       |       |     2 |     3 ||     5
 Stab: Sleeping          |    23 |    53 |    60 |   127 |    91 ||   354
       Confused          |       |       |     3 |    31 |    14 ||    48
       Invisible         |       |       |     1 |       |       ||     1
Armor: Robe              |     2 |     4 |     9 |    13 |     6 ||    34
Dodge: Dodged            |    53 |    29 |    46 |   348 |   393 ||   869
Block: Buckler           |     3 |    24 |    27 |   311 |   265 ||   630
       Reflection        |       |       |       |     5 |     3 ||     8
